Map: New Repugnancy LE

Players

ZipperTheFly - Winner!

  • Race: Terran Terran
  • Spawn Location: 7:00

Arctur

  • Race: Terran Terran
  • Spawn Location: 1:00

Event: 2019 WCS Spring

VOD

Have the link to the VOD?

Description

Time

  • Played on: May 17, 2019, 9:50 a.m.
  • Length: 13:59

All games in this series

Show
View Real Time Build Order
Export as new Build Order

ZipperTheFly Terran - Winner!

Build Orders: 1/1/1 

Get SALT Encoding   

  12  0:00  SCV  
  13  0:12  SCV  
  14  0:17  Supply Depot  
  14  0:24  SCV  
  14  0:27  Refinery  
  15  0:38  SCV  
  16  0:44  Barracks  
  16  0:50  SCV  
  16  0:55  Refinery  
  17  1:02  SCV  
  18  1:14  SCV  
  19  1:31  Barracks Reactor  
  19  1:33  Factory  
  19  1:34  Orbital Command  
  19  1:45  Supply Depot  
  19  1:59  SCV  
  20  2:07  Reaper  
  20  2:08  Reaper  
  22  2:12  SCV  
  23  2:17  Hellion  
  23  2:21  Starport  
  25  2:24  SCV  
  25  2:29  Supply Depot  
  26  2:38  Hellion  
  26  2:39  Reaper  
  26  2:41  Reaper  
  30  2:45  SCV  
  31  2:57  SCV, Medivac  
  34  3:00  Hellion  
  36  3:06  Supply Depot  
  36  3:10  SCV  
  37  3:24  Factory Tech Lab  
  38  3:27  Starport Tech Lab  
  38  3:33  Command Center  
  37  3:45  Cyclone  
  35  4:12  SCV  
  35  4:15  Marine x2  
  35  4:16  Raven  
  40  4:17  Siege Tank  
  44  4:24  SCV  
  44  4:33  Marine x2  
  44  4:36  SCV  
  47  4:39  Command Center  
  47  4:41  Refinery  
  47  4:48  SCV  
  47  4:49  Orbital Command  
  47  5:00  SCV  
  47  5:06  Raven, Marine x2  
  50  5:15  Siege Tank  
  50  5:18  SCV x2  
  55  5:24  Marine x2  
  57  5:28  Supply Depot  
  57  5:30  SCV, Supply Depot  
  57  5:31  SCV  
  59  5:42  SCV  
  62  5:43  SCV  
  61  5:50  Siege Tank  
  61  5:54  SCV  
  66  5:57  Viking  
  66  5:58  Viking  
  66  6:00  Orbital Command  
  66  6:01  SCV  
  68  6:08  SCV  
  68  6:14  SCV  
  68  6:16  Marine  
  68  6:17  Stimpack, Refinery  
  70  6:20  SCV  
  72  6:25  SCV  
  72  6:26  SCV  
  72  6:31  Viking x2  
  72  6:32  SCV  
  76  6:37  SCV  
  76  6:38  SCV  
  78  6:47  SCV  
  78  6:51  SCV, Marine  
  78  6:52  Siege Tank  
  84  6:55  Orbital Command  
  84  6:57  Barracks  
  84  6:59  Barracks  
  84  7:03  Viking x2  
  84  7:07  Refinery  
  88  7:09  Marine  
  88  7:10  Supply Depot  
  88  7:13  Supply Depot  
  78  7:27  Marine  
  72  7:40  Siege Tank  
  79  7:45  Marine  
  79  7:46  Engineering Bay x2  
  79  7:47  SCV, Barracks  
  79  7:48  SCV  
  79  7:49  Barracks  
  79  7:50  Liberator, Barracks Reactor x2  
  79  7:51  Liberator  
  80  7:54  SCV  
  81  8:00  SCV x2  
  81  8:02  Marine  
  86  8:06  SCV  
  86  8:12  SCV x2  
  91  8:13  Terran Infantry Weapons Level 1  
  91  8:19  SCV  
  92  8:20  Marine  
  92  8:24  SCV  
  94  8:28  SCV  
  94  8:31  Marine x2  
  94  8:32  Siege Tank, Marine x2  
  102  8:35  Supply Depot x2, Barracks Reactor  
  102  8:36  Barracks Reactor  
  102  8:38  SCV, Marine  
  104  8:42  SCV  
  104  8:46  SCV  
  106  8:56  Marine x4  
  106  8:57  Combat Shield  
  106  9:00  Marine  
  106  9:02  SCV x2  
  113  9:03  SCV, Refinery x2  
  113  9:07  Terran Infantry Armor Level 1  
  114  9:14  SCV x2, Reaper, Marine  
  114  9:15  Viking  
  112  9:24  SCV  
  111  9:34  Marine x2  
  111  9:36  Marine x2  
  111  9:37  Siege Tank, Marine  
  117  9:42  SCV  
  114  9:46  Marine  
  115  9:55  Marine x3  
  115  9:57  Marine x2  
  115  9:58  Marine  
  118  10:00  Armory  
  118  10:07  Medivac x2  
  118  10:09  Marine x2  
  118  10:13  Marine  
  125  10:14  Marine  
  122  10:22  Marine x3  
  122  10:24  Marine x2  
  122  10:26  Marine  
  122  10:27  Marine  
  116  10:29  Siege Tank  
  116  10:31  SCV x2, Marine  
  116  10:32  SCV, Refinery, Marine  
  124  10:40  Marine  
  125  10:47  Supply Depot x2  
  125  10:49  Supply Depot  
  125  10:55  Terran Infantry Weapons Level 2  
  125  10:56  Sensor Tower  
  125  11:02  Terran Infantry Armor Level 2  
  125  11:03  Marine  
  125  11:04  Marine, Supply Depot  
  125  11:05  Supply Depot  
  125  11:08  Siege Tank, Marine x5  
  125  11:09  Medivac x2, Marine x2  
  139  11:12  Supply Depot  
  139  11:21  Marine  
  139  11:22  Marine  
  141  11:26  Marine x3  
  119  11:32  Marine  
  119  11:33  Marine  
  119  11:34  Liberator x2  
  102  11:40  Marine x2  
  102  11:41  Marine x2  
  102  11:44  Marine x3  
  109  11:50  Marine x2  
  117  11:58  Command Center  
  117  11:59  Siege Tank  
  120  12:03  Marine  
  120  12:05  Marine x2  
  123  12:12  Marine  
  122  12:19  Marine  
  122  12:21  Marine x2  
  122  12:22  Marine  
  126  12:26  Marine x2  
  126  12:27  Marine x2  
  126  12:29  Marine  
  130  12:32  Siege Tank  
  134  12:37  Marine  
  134  12:39  Marine  
  134  12:40  Marine x2  
  134  12:44  Marine x2  
  137  12:45  Marine x2  
  137  12:47  Marine  
  137  12:55  Medivac x2, Marine  
  137  12:57  Marine  
  137  12:58  Marine x2  
  144  13:01  Marine  
  144  13:02  Marine  
  144  13:03  Marine  
  144  13:05  Missile Turret, Marine  
  143  13:07  Siege Tank  
  143  13:08  Missile Turret  
  142  13:13  Marine  
  142  13:15  Marine  
  142  13:17  Factory  
  142  13:18  Barracks Reactor  
  144  13:24  Marine  
  144  13:26  Marine x2  
  144  13:27  Marine x2  
  144  13:32  Marine  
  144  13:34  Marine  
  144  13:36  Marine  
Show
View Real Time Build Order
Export as new Build Order

Arctur Terran 

Build Orders: Cyclone Opening 

Get SALT Encoding   

  12  0:00  SCV  
  13  0:13  SCV  
  14  0:17  Supply Depot  
  14  0:25  SCV  
  14  0:28  Refinery  
  15  0:38  SCV  
  16  0:44  Barracks  
  16  0:50  SCV  
  16  0:55  Refinery  
  17  1:03  SCV  
  18  1:15  SCV  
  19  1:31  Reaper, Orbital Command  
  20  1:34  Factory  
  20  1:43  Supply Depot  
  20  1:56  SCV  
  21  2:04  Reaper  
  22  2:09  SCV  
  23  2:19  Factory Tech Lab  
  23  2:21  SCV  
  24  2:28  Command Center  
  24  2:36  Barracks Reactor  
  24  2:38  Cyclone  
  24  2:40  SCV  
  28  2:46  Supply Depot  
  28  2:52  SCV  
  28  2:57  Starport  
  29  3:04  SCV  
  30  3:13  Marine x2  
  30  3:15  Cyclone  
  30  3:17  SCV  
  36  3:24  Refinery  
  36  3:29  SCV  
  36  3:31  Marine x2  
  39  3:39  Orbital Command  
  39  3:41  SCV  
  40  3:53  Marine x2  
  40  3:54  Viking  
  42  3:55  Factory Tech Lab  
  42  4:02  SCV  
  35  4:12  Marine  
  36  4:18  SCV  
  36  4:28  SCV  
  37  4:31  Marine x2  
  37  4:34  SCV  
  40  4:40  Raven  
  40  4:42  SCV  
  43  4:46  SCV  
  43  4:49  Marine  
  45  4:58  SCV  
  45  4:59  SCV  
  46  5:02  Marine  
  46  5:07  Siege Tank, Marine  
  47  5:12  SCV x2  
  50  5:22  Supply Depot  
  50  5:24  SCV x2  
  50  5:26  Raven  
  54  5:38  Supply Depot  
  54  5:43  SCV x2, Marine x2  
  54  5:48  Siege Tank  
  61  5:55  SCV  
  62  5:59  Supply Depot  
  62  6:00  SCV  
  65  6:16  SCV x2  
  65  6:19  Refinery, Supply Depot  
  65  6:20  Siege Tank  
  68  6:28  Viking  
  68  6:29  Viking  
  72  6:39  Marine  
  73  6:41  SCV x2  
  73  6:43  Supply Depot  
  71  6:57  SCV x2  
  71  6:58  Viking  
  71  7:01  Stimpack, Barracks  
  72  7:04  Marine  
  72  7:07  Siege Tank  
  76  7:09  SCV x2  
  78  7:18  Barracks  
  74  7:28  SCV x2  
  61  7:39  Siege Tank, Marine  
  61  7:40  Viking x2  
  65  7:51  Barracks Reactor  
  65  8:07  Barracks Reactor  
  65  8:09  Marine  
  65  8:10  Command Center  
  65  8:11  Siege Tank  
  65  8:12  Viking  
  71  8:15  SCV  
  71  8:16  SCV, Viking, Barracks  
  75  8:27  Barracks  
  75  8:29  SCV x2  
  75  8:33  Marine x3  
  80  8:38  Engineering Bay  
  80  8:43  Siege Tank  
  80  8:45  Viking  
  80  8:46  Viking  
  80  8:48  SCV x2  
  89  8:49  Marine x2  
  89  8:51  Marine  
  92  9:00  SCV, Marine  
  92  9:01  Combat Shield  
  94  9:04  Terran Infantry Weapons Level 1  
  94  9:10  Supply Depot  
  94  9:14  Barracks Reactor x2  
  94  9:21  Marine  
  94  9:22  SCV  
  94  9:24  Viking  
  94  9:25  Viking, Marine x3  
  94  9:28  Marine  
  102  9:39  Marine  
  102  9:43  Marine x3  
  93  9:46  Marine  
  93  9:47  SCV  
  93  9:51  SCV  
  97  9:55  Marine x2  
  97  9:56  Marine x2  
  97  9:57  Marine  
  102  10:00  Marine  
  102  10:02  Orbital Command  
  102  10:04  Marine x2  
  104  10:08  Marine  
  104  10:11  SCV  
  104  10:12  SCV  
  104  10:13  Marine x2  
  102  10:15  Marine  
  103  10:22  Marine x2  
  103  10:23  Marine  
  103  10:24  SCV x2, Marine  
  95  10:31  Siege Tank  
  98  10:36  SCV  
  98  10:38  Medivac x2  
  98  10:39  Marine  
  98  10:41  Marine  
  105  10:45  Marine x2  
  105  10:48  SCV x2  
  105  10:49  SCV  
  109  10:59  Factory  
  109  11:00  SCV, Terran Infantry Armor Level 1  
  109  11:02  SCV  
  109  11:03  Siege Tank  
  114  11:06  Barracks Reactor  
  114  11:09  SCV  
  115  11:11  Supply Depot x2  
  115  11:12  Marine x2  
  117  11:21  SCV  
  116  11:31  Marine x4  
  100  11:34  Marine x2  
  100  11:36  Marine x2  
  100  11:37  Siege Tank  
  100  11:39  SCV x3  
  91  11:46  Siege Tank  
  91  11:47  Marine x2, Refinery  
  91  11:48  Marine x2, Refinery  
  91  11:49  Marine x2  
  97  11:55  Marine x2  
  97  11:58  Marine x2  
  101  12:03  Medivac x2  
  101  12:05  Marine x2  
  101  12:06  Marine x2  
  108  12:08  Marine x2  
  108  12:14  Marine x2  
  108  12:15  Siege Tank, Marine x2  
  115  12:18  Armory  
  117  12:23  Siege Tank, Marine x2  
  117  12:24  Engineering Bay, Marine x2  
  117  12:26  Marine x2  
  126  12:32  Marine  
  126  12:33  Medivac x2  
  131  12:37  Marine x2  
  131  12:41  Supply Depot  
  131  12:42  Marine x2, Supply Depot  
  131  12:43  Supply Depot  
  135  12:47  Siege Tank  
  138  12:55  Siege Tank  
  138  13:03  Medivac x2  
  138  13:04  Marine x4  
  138  13:05  Marine x4  
  148  13:08  Marine x2  
  150  13:22  Marine x2  
  150  13:23  Marine x2  
  150  13:24  Siege Tank, Marine x2  
  150  13:26  Marine x2  
  153  13:32  SCV x2, Marine x2  
  152  13:40  Marine x2  
  152  13:41  Marine x2  
Tags
 
Add a new tag
Caveats
  • Supply blocks, unpowered buildings, or Contaminate may cause inaccurate times.
  • Supply counts are checked every 10 seconds.